 Dungeon Crawl Stone Soup version 0.28.0-1-gb440e238dd (webtiles) character file.

Game seed: 16021565319425363737

689 sanka the Nimble (level 7, -4/46 HPs)
             Began as a Merfolk Conjurer on Feb 22, 2022.
             Was a Believer of Zin.
             Slain by a gnoll (7 damage)
             ... on level 3 of the Dungeon.
             The game lasted 00:08:02 (4529 turns).

sanka the Nimble (Merfolk Conjurer)                 Turns: 4529, Time: 00:08:03

Health: -4/46      AC:  2    Str:  7    XL:     7   Next: 63%
Magic:  10/10      EV: 16    Int: 18    God:    Zin [**....]
Gold:   130        SH:  0    Dex: 14    Spells: 7/10 levels left

rFire   . . .      SeeInvis .   e - +0 flail
rCold   . . .      Faith    .   (no shield)
rNeg    . . .      Spirit   .   a - +0 robe
rPois   .          Reflect  .   (no helmet)
rElec   .          Harm     .   (no cloak)
rCorr   .          Rampage  .   (no gloves)
Will    .....                   (no boots)
Stlth   ++........              b - amulet of regeneration
HPRegen 0.95/turn               (no ring)
MPRegen 0.12/turn               (no ring)

@: no status effects
A: (nimble swimmer 2), mertail
a: Renounce Religion, Recite, Vitalisation, Donate Gold


You were on level 3 of the Dungeon.
You worshipped Zin.
Zin was pleased with you.
You visited 1 branch of the dungeon, and saw 4 of its levels.
You also visited: Sewer.

You collected 144 gold pieces.
You donated 14 gold pieces to Zin.

Inventory:

Hand Weapons
 d - a +0 dagger
 e - a +0 flail (weapon)
Missiles
 q - a curare-tipped dart
Armour
 a - a +0 robe (worn)
 g - a +0 tower shield
Jewellery
 b - an amulet of regeneration (around neck)
Scrolls
 c - 2 scrolls of identify {unknown}
 f - 2 scrolls of magic mapping {unknown}
 i - a scroll of silence {unknown}
 j - a scroll of holy word {unknown}
 l - a scroll of teleportation {unknown}
 r - a scroll of fear {unknown}
 t - a scroll of enchant armour {unknown}
Potions
 h - 2 potions of flight {unknown}
 k - a potion of resistance {unknown}
 m - 3 potions of curing {unknown}
 n - a potion of mutation {unknown}
 o - a potion of might {unknown}
 p - 2 potions of heal wounds {unknown}
 s - a potion of haste {unknown}


   Skills:
 + Level 9.2 Dodging
 - Level 2.1 Stealth
 - Level 2.0 Spellcasting
 - Level 5.0 Conjurations


You had 7 spell levels left.
You knew the following spells:

 Your Spells              Type           Power      Damage    Failure   Level
a - Magic Dart            Conj           76%        1d6       2%          1
b - Searing Ray           Conj           38%        2d5       3%          2

Your spell library contained the following spells:

 Spells                   Type           Power      Damage    Failure   Level
 Dazzling Flash           Conj/Hex       20%        N/A       19%         3
 Confusing Touch          Hex            1%         N/A       47%         3
 Fulminant Prism          Conj/Hex       5%         3d7       54%         4
 Iskenderun's Mystic Bla  Conj/Tloc      10%        2d4       54%         4
 Yara's Violent Unravell  Hex/Tmut       0%         3d3       99%         5
 Enfeeble                 Hex            0%         N/A       100%        7


Dungeon Overview and Level Annotations

Branches:
Dungeon (4/15)              Sewer (visited)
 Temple: D:4-7

Altars:
Yredelemnul
Zin


Innate Abilities, Weirdness & Mutations

((You are very nimble when in or above water. (Stealth+, EV+, Speed+++)))
Your lower body shifts to a powerful aquatic tail in water.


Message History

The gnoll misses you.
There is a stone staircase leading up here.
Unknown command.
The gnoll misses you. x2
You climb upwards.
There is a stone staircase leading down here.
Unknown command.
You barely miss the gnoll. The gnoll closely misses you.
The gnoll hits you with a +0 whip. The gnoll hits you with a +0 flail!
You sock the gnoll!
The gnoll is severely wounded.
The gnoll hits you with a +0 whip. The gnoll hits you with a +0 flail.
You closely miss the gnoll.
The gnoll is severely wounded.
The gnoll hits you with a +0 whip. The gnoll barely misses you.
The gnoll hits you with a +0 whip!
Unknown command.
You closely miss the gnoll.
The gnoll is severely wounded.
The gnoll completely misses you. The gnoll barely misses you.
The gnoll completely misses you.
Unknown command.
You hit the gnoll.
The gnoll is almost dead.
The gnoll closely misses you. The gnoll misses you.
The gnoll hits you with a +0 whip.
* * * LOW HITPOINT WARNING * * *
Unknown command.
You barely miss the gnoll.
The gnoll is almost dead.
The gnoll misses you. The gnoll hits you with a +0 whip.
* * * LOW HITPOINT WARNING * * *
The gnoll closely misses you.
Unknown command.
You closely miss the gnoll.
The gnoll is almost dead.
The gnoll hits you with a +0 whip!
* * * LOW HITPOINT WARNING * * *
The gnoll hits you with a +0 flail!
You die...

#.######.# #.# #.###.##.## #.#
##### #.##.#....####.#
###...######## #.###........#.##
.............# #.........##....##
#.#...##.###.# ####...##.........
#.##..##.###.# #......#####....#.
#.##......##.# #g##.........#.###
#.###.##..##.# #@############.# #
#.# #........# #g# #.# #
#.######..#### #.# ###'###
#.........# #.# ####....#.
#########.# #.#### ##..##...#.
#####.##..#### #.##.###....#...#.
#............###.#...##..#.#...#.
'.##.)....##.........#..##.#..#.#
#.###....###.........#..#..#..#.#


You could see 2 gnolls.

Vanquished Creatures
  An ogre (D:3)
  5 kobold brigands (Sewer)
  An orc wizard (D:3)
  A hound skeleton (D:3)
  2 gnolls
  7 adders
  A river rat (Sewer)
  An adder zombie (D:3)
  5 worms
  4 dart slugs
  7 orcs (D:3)
  6 bats
  11 endoplasms
  4 giant cockroaches
  6 goblins
  4 hobgoblins
  5 jackals (D:1)
  8 ball pythons
  3 frilled lizards
  9 kobolds
  A quokka zombie (D:3)
  17 rats
109 creatures vanquished.

Notes
Turn   | Place    | Note
-------+----------+-------------------------------------------
     0 | D:1      | sanka the Merfolk Conjurer began the quest for the Orb.
     0 | D:1      | Reached XP level 1. HP: 13/13 MP: 3/3
   226 | D:1      | Reached XP level 2. HP: 19/19 MP: 3/5
   656 | D:1      | Learned a level 2 spell: Searing Ray
   657 | D:1      | Reached XP level 3. HP: 24/24 MP: 3/6
   969 | D:1      | Found a faded altar of an unknown god.
  1119 | D:1      | Prayed at the altar of an unknown god.
  1119 | D:1      | Became a worshipper of Zin the Law-Giver
  1119 | D:1      | Reached * piety under Zin
  1460 | D:2      | Reached ** piety under Zin
  1524 | D:2      | Reached XP level 4. HP: 25/30 MP: 4/7
  2420 | D:3      | Noticed an ogre
  2431 | D:3      | Killed an ogre
  2432 | D:3      | Reached skill level 5 in Conjurations
  2432 | D:3      | Reached skill level 4 in Dodging
  2432 | D:3      | Reached XP level 5. HP: 35/35 MP: 0/8
  2555 | D:3      | Reached skill level 5 in Dodging
  2618 | D:3      | Found a glowing drain.
  2623 | Sewer    | Entered a sewer
  2660 | Sewer    | Noticed a kobold brigand
  2682 | Sewer    | Killed a kobold brigand
  2683 | Sewer    | Reached skill level 6 in Dodging
  2683 | Sewer    | Reached XP level 6. HP: 31/41 MP: 1/9
  2981 | Sewer    | Reached skill level 7 in Dodging
  3130 | Sewer    | Reached XP level 7. HP: 34/46 MP: 0/10
  3521 | Sewer    | Reached skill level 8 in Dodging
  3850 | D:3      | Reached skill level 9 in Dodging
  4419 | D:3      | Found a basalt altar of Yredelemnul.
  4529 | D:3      | Slain by a gnoll

Illustrated notes

Levels and vault maps discovered:
D:1:      dpeg_arrival_pits, layout_rooms, hellmonk_ecumenical_altar_blasted
D:2:      layout_rooms
D:3:      layout_loops_corners, lemuel_zombie_altar_yredelemnul,
          portal_sewer_entry_e, minmay_fountain_box, hangedman_decor_points,
          minivault_19, minmay_misc_feat_room, minmay_puff
D:4:      layout_gridville, nicolae_ru_sacrificial_ziggurat,
          ebering_ghost_disaster_area

Skill      XL: |  1  2  3  4  5  6  7 |
---------------+----------------------+-----
Conjurations   | 4 5 |  5.0
Dodging        | 4 6 7 9 |  9.2
Stealth        | |  2.1
Spellcasting   | |  2.0

Action                   |  1- 3 |  4- 6 |  7- 9 || total
-------------------------+-------+-------+-------++-------
Melee: Unarmed           |     4 |       |       ||     4
       Dagger            |     3 |       |       ||     3
       Flail             |    30 |    79 |    77 ||   186
       Tailslap          |       |     6 |       ||     6
       Punch             |       |     3 |     4 ||     7
 Cast: Magic Dart        |    71 |    23 |    53 ||   147
       Searing Ray       |     1 |     9 |     3 ||    13
 Stab: Sleeping          |     1 |     6 |       ||     7
Armor: Robe              |    16 |    16 |    11 ||    43
Dodge: Dodged            |    59 |   111 |    93 ||   263
